 Dungeon Crawl Stone Soup version 0.15-a0-1537-ge1f089e (webtiles) character file.

186 Chiseanne the Skirmisher (level 5, 0/50 HPs)
             Began as a Naga Fighter on June 16, 2014.
             Slain by a giant gecko (4 damage)
             ... on Level 3 of the Dungeon.
             The game lasted 00:05:21 (2945 turns).

Chiseanne the Skirmisher (Naga Fighter)             Turns: 2945, Time: 00:05:21

HP   0/50        AC  5     Str 18      XL: 5   Next: 65%
MP  14/14        EV  4     Int 14      God:
Gold 91          SH  9     Dex 12      Spells:  0 memorised,  4 levels left

rFire  . . .     SeeInvis +     a - +0 war axe
rCold  . . .     Clarity  .     b - +0 scale mail
rNeg   . . .     rCorr    .     c - +0 shield
rPois  +         rRot     .     (no helmet)
rElec  .         Spirit   .     (no cloak)
SustAb .         Warding  .     (no gloves)
rMut   .         Stasis   .     (no barding)
Gourm  .                        (no amulet)
MR     .....                    e - +6 ring of intelligence
                                o - ring of magical power

@: very slow, not resistant to hostile enchantments, extremely unstealthy
A: spit poison, see invisible, deformed body, poison resistance, slowness 2, AC
+1
a: Spit Poison


You were on level 3 of the Dungeon.
You were hungry.

You visited 1 branch of the dungeon, and saw 3 of its levels.

You collected 91 gold pieces.

Inventory:

Hand weapons
 a - a +0 war axe (weapon)
 v - a +0 blowgun
Missiles
 p - 5 tomahawks (quivered)
 u - 18 poisoned needles
Armour
 b - a +0 scale mail (worn)
 c - a +0 shield (worn)
Comestibles
 d - 3 bread rations
 n - 2 slices of pizza
 t - a rotting chunk of worm flesh
Scrolls
 f - 2 scrolls of random uselessness {unknown}
 g - a scroll of recharging {unknown}
 h - a scroll of remove curse {unknown}
 i - a scroll of identify {unknown}
 k - a scroll of noise {unknown}
 l - 2 scrolls of enchant weapon {unknown}
 m - 3 scrolls of enchant armour {unknown}
 q - a scroll of blinking {unknown}
 r - a scroll of amnesia {unknown}
Jewellery
 e - a +6 ring of intelligence (right hand)
 o - a ring of magical power (left hand)
Potions
 j - a potion of curing
 s - a potion of heal wounds {unknown}
 w - a potion of berserk rage {unknown}


   Skills:
 * Level 3.8 Fighting
 - Level 2.0 Axes
 * Level 3.6 Armour
 * Level 1.8 Dodging
 * Level 3.0 Shields


You had 4 spell levels left.
You didn't know any spells.

Dungeon Overview and Level Annotations

Branches:
Dungeon (3/15)

Altars:
Makhleb
Trog


Innate Abilities, Weirdness & Mutations

You cannot wear boots.
You can spit poison.
Your serpentine skin is tough (AC +1).
You have supernaturally acute eyesight.
Armour fits poorly on your strangely shaped body.
Your system is resistant to poisons.
You cover ground very slowly.


Message History

The giant gecko bites you.
* * * LOW HITPOINT WARNING * * *
The giant gecko bites you but does no damage.
Your shield and scale mail prevent you from hitting the giant gecko.
The giant gecko is moderately wounded.
The giant gecko hisses menacingly.
The giant gecko completely misses you.
You closely miss the giant gecko.
The giant gecko is moderately wounded.
The giant gecko bites you.
* * * LOW HITPOINT WARNING * * *
You block the giant gecko's attack.
You closely miss the giant gecko.
The giant gecko is moderately wounded.
You block the giant gecko's attack. The giant gecko completely misses you.
You closely miss the giant gecko.
The giant gecko is moderately wounded.
You are feeling hungry.
The giant gecko bites you.
You die...

.#..............#....
.<..............#.....
#...............+......
.........#......#.......
#........########.......
#.....)..## ##.......
#.[.......# #...g.....
#.#'#####.######l#
#.#......>....##@# #######
#.#..#..#.....##)# #.....#
#.#..#..#.....##.#####.###.#
#.#..#..#.....##.........#.#
#.#..#..#.....############.#
#.####..#.#................#
...P.≈P...#####......#######
.≈≈PP≈.####..........#
≈)PPP≈P..............#


You could see a giant gecko.

Vanquished Creatures
  A hound (D:2)
  6 gnolls (D:3)
  4 adders
  A giant mite (D:2)
  2 worms (D:3)
  A giant gecko (D:2)
  An ooze (D:1)
  An orc (D:3)
  5 bats
  6 hobgoblins
  4 kobolds
  A quokka (D:3)
  3 giant cockroaches
  A giant newt (D:1)
  3 goblins
  5 jackals
  A kobold skeleton (D:3)
  An orc skeleton (D:3)
  9 rats
  A plant (D:3)
57 creatures vanquished.

Notes
Turn   | Place    | Note
--------------------------------------------------------------
     0 | D:1      | Chiseanne, the Naga Fighter, began the quest for the Orb.
     0 | D:1      | Reached XP level 1. HP: 21/21 MP: 1/1
   443 | D:1      | Reached XP level 2. HP: 25/28 MP: 2/2
  1221 | D:2      | Reached XP level 3. HP: 7/34 MP: 3/3
  1482 | D:2      | Reached skill level 1 in Dodging
  1798 | D:2      | Reached XP level 4. HP: 39/42 MP: 4/4
  2117 | D:2      | Found a burning altar of Makhleb.
  2295 | D:3      | Reached XP level 5. HP: 5/49 MP: 5/5
  2635 | D:3      | Found a bloodstained altar of Trog.
  2945 | D:3      | Slain by a giant gecko

Action                   |  1- 3 |  4- 6 || total
-------------------------+-------+-------++-------
Melee: War axe           |   111 |   103 ||   214
 Abil: Spit Poison       |     1 |     1 ||     2
  Use: Potion            |       |     2 ||     2
